AoeStats
← BenJames

Nomad

508156567Analyzed
3v3 RM · 9d ago on Sep 21, 2026· 50m 41s· 6 players
Game mode
Random Map
Map size
210×210
Population
200
Speed
Normal
Resources
Standard
Victory
Conquest
Starting age
Dark Age
Ending age
Imperial Age
RankedLock teamsTeams togetherTeam positionsShared explorationLock speedFull tech treeHidden civsTurbo modeCheats
Victory
Defeat
🇧🇷 Wu · Brazil
1061
+17
🇺🇸 Koreans · United States
1028
+18
🇨🇴 Mongols · Colombia
1020
+18
🇲🇽 Huns · Mexico
1093
-18
🇲🇽 Maya · Mexico
1073
-18
🇲🇽 Byzantines · Mexico
1049
-17
BenJames
5:58 Loom
14:05 Feudal Age
19:37 Castle Age
17:56 Double-Bit Axe
19:02 Forging
18:58 Scale Barding Armor
19:55 Bloodlines
20:33 Medium Warships
21:01 Bow Saw
22:40 Horse Collar
24:33 Iron Casting
30:45 Husbandry
38:01 Imperial Age
36:07 Wheelbarrow
37:19 Fletching
37:50 Chain Barding Armor
38:41 Hand Cart
41:34 Heavy Plow
43:52 Conscription
43:29 Bodkin Arrow
43:00 Capped Ram
45:30 Padded Archer Armor
47:26 Bracer
47:49 Ballistics
48:30 Chemistry
47:48 Leather Archer Armor
49:42 Elite Mangudai
JustOutOfRange
11:39 Loom
14:53 Feudal Age
15:18 Double-Bit Axe
21:20 Castle Age
19:12 Gold Mining
19:18 Fletching
21:28 Stone Mining
22:33 Crossbowman
23:24 Bodkin Arrow
24:55 Bow Saw
29:09 Ballistics
29:46 Horse Collar
32:35 Heavy Plow
33:21 Wheelbarrow
34:39 Town Watch
38:30 Imperial Age
37:41 Thumb Ring
38:40 Capped Ram
38:48 Arbalester
39:30 Bracer
41:37 Chemistry
41:56 Siege Engineers
42:01 Masonry
44:32 Hand Cart
44:04 Elite Cannon Galleon
44:47 Town Patrol
51:02 Shipwright
50:52 Careening
50:53 Clinker Construction
50:56 Masonry
50:26 Treadmill Crane
Chaves
11:53 Loom
14:25 Feudal Age
16:23 Town Watch
16:02 Man-at-Arms
16:32 Double-Bit Axe
16:43 Horse Collar
18:14 Scale Mail Armor
18:24 Forging
20:14 Wheelbarrow
20:43 Arson
30:44 Castle Age
30:08 Fletching
30:19 Padded Archer Armor
31:36 Stone Mining
31:24 Pikeman
32:08 Squires
32:08 Bodkin Arrow
33:57 Heavy Plow
34:45 Stone Shaft Mining
34:06 Gold Mining
37:39 Leather Archer Armor
39:38 Gold Shaft Mining
41:10 Red Cliffs Tactics
41:30 Hand Cart
50:54 Imperial Age
Picador Criminal Mutilador
3:17 Loom
15:03 Feudal Age
16:54 Double-Bit Axe
19:48 Castle Age
18:29 Double-Bit Axe
21:56 Bloodlines
22:27 Scale Barding Armor
23:32 Forging
24:34 Husbandry
27:41 Man-at-Arms
28:21 Squires
28:23 Scale Mail Armor
29:15 Long Swordsman
30:41 Chain Mail Armor
33:13 Iron Casting
33:29 Arson
36:05 Wheelbarrow
35:16 Town Watch
36:05 Gold Mining
36:05 Stone Mining
36:27 Bow Saw
36:01 Fishing Lines
37:22 Hand Cart
38:05 Chain Barding Armor
37:37 Fletching
39:27 Pikeman
45:04 Imperial Age
44:26 Bodkin Arrow
44:31 Padded Archer Armor
44:56 Ballistics
44:46 Masonry
44:32 Murder Holes
46:13 Gold Shaft Mining
45:15 Elite Skirmisher
46:00 Thumb Ring
46:13 Leather Archer Armor
50:50 Imperial Age
Chorizaurus Rex
15:47 Feudal Age
16:15 Loom
18:37 Scale Mail Armor
18:48 Forging
27:03 Castle Age
28:14 Pikeman
37:58 Eagle Warrior
Kuriboh
4:57 Loom
15:53 Feudal Age
18:01 Double-Bit Axe
24:44 Castle Age
23:05 Fletching
23:10 Gold Mining
23:11 Stone Mining
25:54 Medium Warships
27:18 Wheelbarrow
27:33 Stone Shaft Mining
28:10 Clinker Construction
38:42 Greek Fire
45:02 Imperial Age
47:26 Bow Saw
Connection lost

Rejoining the realm…

Still unreachable

The connection could not be restored.

Session expired

The server has moved on; the page needs a fresh start.